 Dungeon Crawl Stone Soup version 0.32-a0-17-gb74e046682 (webtiles) character file.

Game seed: 178374632437091975

16408 runemasterragnar the Protected (level 12, -5/119 HPs)
             Began as a Troll Shapeshifter on Jan 16, 2024.
             Slain by a skyshark (24 damage)
             ... on level 1 of the Lair of Beasts.
             The game lasted 00:21:43 (11988 turns).

runemasterragnar the Protected (TrSh)              Turns: 11988, Time: 00:21:44

Health: -5/119     AC: 16    Str: 33    XL:     12   Next: 9%
Magic:  11/11      EV:  9    Int: 10    God:
Gold:   553        SH:  0    Dex:  9    Spells: 11/11 levels left

rFire   . .          .
                       - Unarmed
rCold   . . .        (no shield)
rNeg    . . .        a - +1 acid dragon scales "Luarent" {rCorr Str+2}
rPois   .            (helmet currently unavailable)
rElec   .            (cloak currently unavailable)
rCorr   +            (gloves unavailable)
SInv    .            (boots unavailable)
Will    .....        (no amulet)
Stlth   +            B - +6 ring of strength
HPRegen 1.19/turn    U - +4 ring of protection
MPRegen 0.12/turn

%: no passive effects
@: beast-form
A: beast (slay +3), large, unfitting armour, claws 3, regeneration 1, shaggy fur
1, tough skin 1
a: Begin Untransformation


You were on level 1 of the Lair of Beasts.
You were a hulking beast.
You visited 3 branches of the dungeon, and saw 14 of its levels.
You also visited: Ossuary and Bailey.

You collected 1805 gold pieces.
You spent 1252 gold pieces at shops.

Inventory:

Hand Weapons
 k - the +10 dagger "Iclulyl" {drain, rC+ Int+3 Dex-5}
   (You found it on level 2 of the Dungeon)

   Int+3:     It affects your intelligence (+3).
   Dex-5:     It affects your dexterity (-5).
   rC+:       It protects you from cold.
Missiles
 i - 3 throwing nets
 q - 5 silver javelins
 t - 4 javelins
 u - 3 boomerangs
 x - 4 curare-tipped darts
 N - 5 large rocks (quivered)
 X - 3 poisoned darts
Armour
 a - the +1 acid dragon scales "Luarent" (worn) {rCorr Str+2}
   (You found it in a bailey)

   Str+2:     It affects your strength (+2).
   rCorr:     It protects you from acid and corrosion.
 K - a +1 robe of fire resistance
 L - a +2 robe of willpower
Jewellery
 f - an amulet of faith
 B - a +6 ring of strength (left claw)
 P - a ring of see invisible
 U - a +4 ring of protection (right claw)
Talismans
 c - a beast talisman
 d - a flux talisman
 M - a maw talisman
Wands
 b - a wand of acid (13)
 o - a wand of flame (25)
 z - a wand of roots (4)
 Q - a wand of digging (3)
 S - a wand of mindburst (9)
 W - a wand of charming (3)
Scrolls
 e - 5 scrolls of teleportation
 h - 2 scrolls of identify
 r - 3 scrolls of vulnerability
 y - a scroll of fog
 A - 4 scrolls of enchant weapon
 D - 2 scrolls of poison
 E - 5 scrolls of noise
 G - 2 scrolls of blinking
 H - 5 scrolls of fear
 I - 2 scrolls of enchant armour
 J - a scroll of silence
 O - a scroll of torment
 V - 2 scrolls of amnesia
 Y - a scroll of immolation
 Z - a scroll of brand weapon
Potions
 g - 2 potions of heal wounds
 j - a potion of enlightenment
 l - 2 potions of might
 m - 5 potions of lignification
 n - 3 potions of brilliance
 p - 2 potions of haste
 s - 5 potions of mutation
 v - 3 potions of resistance
 w - a potion of invisibility
 C - a potion of cancellation
 F - 2 potions of curing
 T - a potion of attraction


   Skills:
 + Level 7.7 Fighting
 - Level 5.4 Throwing
 - Level 12.1 Armour
 - Level 1.5 Dodging
 * Level 9.8 Unarmed Combat
 + Level 4.5 Evocations
 + Level 6.6 Shapeshifting


You had 11 spell levels left.
You didn't know any spells.
Your spell library contained the following spells:

 Spells                   Type           Power      Damage    Failure   Level
 Cigotuvi's Dreadful Rot  Necr/Alch/Air  0%         N/A       54%         2
 Jinxbite                 Hex            0%         N/A       54%         2
 Sublimation of Blood     Necr           0%         N/A       54%         2
 Brom's Barrelling Bould  Conj/Erth      0%         2d3       99%         4
 Dispel Undead            Necr           0%         3d6       99%         4
 Martyr's Knell           Necr/Summ      0%         N/A       99%         4
 Petrify                  Alch/Erth      0%         N/A       99%         4
 Fireball                 Conj/Fire      0%         3d3       100%        5
 Irradiate                Conj/Alch      0%         3d11      100%        5
 Iskenderun's Battlesphe  Conj           0%         2d6       100%        5
 Yara's Violent Unravell  Hex/Alch       0%         3d3       100%        5
 Conjure Ball Lightning   Conj/Air       0%         3x3d6     100%        6
 Death Channel            Necr           0%         N/A       100%        6
 Enfeeble                 Hex            0%         N/A       100%        7
 Orb of Destruction       Conj           0%         9d5       100%        7


Dungeon Overview and Level Annotations

Branches:
Dungeon (12/15)            Temple (1/1) D:5            Lair (1/5) D:10
    Orc (0/2) D:11        Ossuary (visited)          Bailey (visited)

Altars:
Ashenzari
Cheibriados
Dithmenos
Elyvilon
Fedhas
Gozag
Hepliaklqana
Kikubaaqudgha
Makhleb
Nemelex Xobeh
Okawaru
Qazlal
Ru
Sif Muna
Trog
Uskayaw
Vehumet
Wu Jian
Xom
Yredelemnul
Zin
The Shining One

Shops:
D:6 :   D:10 ?

Portals:
Abyss: D:7

Annotations:
D:7 2 transporters, zenocrate's ghost, novice VSEn
D:10 1 runed translucent door, bmb222's ghost, journeyman DsCK
D:11 3 runed translucent doors, jasper's ghost, novice DgCj


Innate Abilities, Weirdness & Mutations

You are a hulking beast.
Your limbs bulge with bestial killing power. (Slay +3)
You are too large for most types of armour.
You have claws for hands.
Your natural rate of healing is unusually fast.
You are covered in fur. (AC +1)
You have tough skin. (AC +1)


Message History

The skyshark is moderately wounded.
The skyshark bites you but does no damage.
The skyshark closely misses you. The skyshark tail-slaps you.
Aiming: Mindburst
Press: ? - help, Shift-Dir - straight line, f/p - skyshark
Aim: a skyshark (moderately wounded, berserk, chance to affect: 67%)
The skyshark's mind is blasted!!
The skyshark bites you but does no damage.
The skyshark tail-slaps you. x2
Unknown command.
Unknown command.
Aiming: Mindburst
Press: ? - help, Shift-Dir - straight line, f/p - skyshark
Aim: a skyshark (severely wounded, berserk, chance to affect: 67%)
The skyshark's mind is blasted!!
The skyshark bites you!!
The skyshark tail-slaps you but does no damage.
The skyshark barely misses you. The skyshark bites you!!
The skyshark tail-slaps you but does no damage. x2
Unknown command.
Aiming: Mindburst
Press: ? - help, Shift-Dir - straight line, f/p - skyshark
Aim: a skyshark (severely wounded, berserk, chance to affect: 67%)
The skyshark's mind is blasted!
The skyshark bites you but does no damage.
The skyshark tail-slaps you.
The skyshark tail-slaps you but does no damage.
Unknown command.
Unknown command.
Aiming: Mindburst
Press: ? - help, Shift-Dir - straight line, f/p - skyshark
Aim: a skyshark (almost dead, berserk, chance to affect: 67%)
The skyshark struggles to resist.
You hear a bellow!
The skyshark bites you!
* * * LOW HITPOINT WARNING * * *
The skyshark tail-slaps you.
* * * LOW HITPOINT WARNING * * *
The skyshark tail-slaps you but does no damage.
The skyshark bites you!!
You die...

#.....### ####..#†.#
...#....#..## #.#...#.
........#..######...##
#........#..#.##....#.
##..###..#.#..........
##.#P###.....P.......
#...##..........#..(
#.#...>....###...#
#h##...#.......[#.
###F#.#..#..........
#..YY....)##......#.
#.#...Y#....#.......##
#...>#.#..............
#..................#..
#.#>#.#.#.#Y#.#.#..#..
...........Y.Y.........
.#.#.#.#.#.#.#.#.#.....


You could see a skyshark (berserk) and 3 yaks.

Vanquished Creatures
  Josephine (D:10)
  2 two-headed ogres
  Urug (Lair:1)
  A manticore (D:11)
  A black mamba (Lair:1)
  3 cane toads (Lair:1)
  Jeremiah (D:7)
  A komodo dragon (Lair:1)
  4 blink frogs (Lair:1)
  2 polar bears (D:11)
  2 shadows
  Sigmund (D:6)
  2 vampires (D:11)
  18 yaks
  2 spriggans (Bailey)
  7 wraiths
  2 wyverns (D:9)
  A steam dragon (Bailey)
  2 vampire mosquitoes (D:8)
  An acid dragon (D:11)
  2 water moccasins
  Duvessa (D:4)
  4 orc warriors
  A black bear (shapeshifter) (D:11)
  A black bear (D:7)
  9 ogres
  A sky beast (D:7)
  An ice beast (D:5)
  4 centaurs
  A phantom (D:6)
  2 kobold brigands
  A weeping skull (Ossuary)
  Blork the orc (D:3)
  A gnoll sergeant (D:10)
  3 bullfrogs
  5 scorpions
  A burial acolyte (Ossuary)
  9 wights
  Dowan (D:4)
  8 killer bees
  2 howler monkeys (D:9)
  5 bombardier beetles
  A centaur zombie (Ossuary)
  A jelly (D:7)
  7 orc priests
  A sleepcap (D:5)
  Crazy Yiuf (D:7)
  Ijyb (D:3)
  Natasha (thrice) (D:4)
  An iguana (D:3)
  11 orc wizards
  4 mummies (Ossuary)
  Robin (D:2)
  14 gnolls
  9 adders
  A white imp (D:8)
  8 ufetubi
  5 dart slugs
  2 ribbon worms (D:2)
  34 orcs
  2 bats (D:2)
  3 endoplasms
  2 giant cockroaches
  19 goblins
  6 hobgoblins
  8 jackals
  15 kobolds
  4 quokkas
  6 ball pythons
  5 frilled lizards
  4 gnoll zombies (Ossuary)
  2 kobold zombies (Ossuary)
  An orc zombie (Ossuary)
  4 rats
305 creatures vanquished.

Vanquished Creatures (others)
  2 orc wizards (D:11)
  An orc (D:10)
3 creatures vanquished.

Grand Total: 308 creatures vanquished

Notes
Turn   | Place    | Note
-------+----------+-------------------------------------------
     0 | D:1      | runemasterragnar the Troll Shapeshifter began the quest for
                  | the Orb.
     0 | D:1      | Reached XP level 1. HP: 18/18 MP: 0/0
   110 | D:1      | Reached skill level 1 in Fighting
   128 | D:1      | Reached XP level 2. HP: 16/27 MP: 1/1
   585 | D:2      | Reached XP level 3. HP: 33/33 MP: 2/2
   693 | D:2      | Identified the +10 dagger "Iclulyl" {drain, rC+ Int+3
                  | Dex-5}
   761 | D:2      | Noticed Robin
   780 | D:2      | Killed Robin
   781 | D:2      | Reached XP level 4. HP: 39/42 MP: 3/3
   937 | D:2      | Found a faded altar of an unknown god.
  1489 | D:2      | Reached XP level 5. HP: 42/50 MP: 4/4
  1555 | D:3      | Noticed Ijyb
  1568 | D:3      | Killed Ijyb
  1777 | D:3      | Identified the +1 dagger "Jyumocut" {spect, *Rage rCorr
                  | Dex+4}
  2190 | D:4      | Noticed Blork the orc
  2190 | D:4      | Noticed Duvessa
  2190 | D:4      | Noticed Dowan
  2201 | D:3      | Killed Blork the orc
  2202 | D:3      | Reached XP level 6. HP: 51/61 MP: 5/5
  2216 | D:4      | Killed Duvessa
  2217 | D:4      | Reached skill level 5 in Unarmed Combat
  2223 | D:4      | Killed Dowan
  2224 | D:4      | Reached skill level 1 in Throwing
  2224 | D:4      | Reached skill level 1 in Evocations
  2277 | D:4      | Reached XP level 7. HP: 49/67 MP: 6/6
  2442 | D:4      | Noticed Natasha
  2449 | D:4      | Killed Natasha
  2643 | D:4      | Noticed Natasha
  2647 | D:4      | Killed Natasha
  2675 | D:4      | Noticed Natasha
  2681 | D:4      | Killed Natasha
  2724 | D:5      | Entered Level 5 of the Dungeon
  2983 | D:5      | Found a radiant altar of Vehumet.
  2984 | D:5      | Found a hide-covered altar of Uskayaw.
  3069 | D:5      | Found a glowing silver altar of Zin.
  3069 | D:5      | Noticed an angel
  3189 | D:5      | Reached XP level 8. HP: 75/79 MP: 7/7
  3331 | D:5      | Found a snail-covered altar of Cheibriados.
  3506 | D:5      | Found a staircase to the Ecumenical Temple.
  3670 | Temple   | Entered the Ecumenical Temple
  3735 | D:6      | Found a stormy altar of Qazlal.
  3748 | D:6      | Found Gaozuh's Book Shoppe.
  3775 | D:6      | Found a sand-covered staircase.
  3784 | Ossuary  | Entered an ossuary
  4128 | D:6      | Noticed Sigmund
  4134 | D:6      | Killed Sigmund
  4135 | D:6      | Reached skill level 5 in Fighting
  4169 | D:6      | Reached skill level 5 in Shapeshifting
  4341 | D:6      | Reached XP level 9. HP: 53/88 MP: 8/8
  4586 | D:6      | Identified a scroll of acquirement
  4586 | D:6      | Acquired 1010 gold pieces
  4780 | D:7      | Noticed Jeremiah
  4864 | D:7      | Found a runed translucent door.
  4865 | D:7      | Noticed Crazy Yiuf
  5168 | D:7      | Found a transporter.
  5179 | D:7      | Noticed a green ugly thing
  5186 | D:7      | Noticed zenocrate's ghost (novice VSEn)
  5190 | D:7      | Found a one-way gate to the infinite horrors of the Abyss.
  5280 | D:7      | Found a transporter.
  5512 | D:7      | Killed Jeremiah
  5837 | D:7      | Killed Crazy Yiuf
  6148 | D:8      | Found a broken altar of Ashenzari.
  6929 | D:8      | Reached XP level 10. HP: 57/100 MP: 9/9
  7840 | D:9      | Reached skill level 5 in Throwing
  8302 | D:10     | Entered Level 10 of the Dungeon
  8302 | D:10     | Found a staircase to the Lair.
  8331 | D:10     | Found a runed translucent door.
  8331 | D:10     | Noticed bmb222's ghost (journeyman DsCK)
  8397 | D:10     | Found a flagged portal.
  8455 | Bailey   | Entered a bailey
  8708 | Bailey   | Noticed a two-headed ogre
  8710 | Bailey   | Killed a two-headed ogre
  8720 | Bailey   | Identified the +1 ice dragon scales of Hepliaklqana's
                  | Favour {rElec rF- rC++}
  8784 | Bailey   | Identified the +1 acid dragon scales "Luarent" {rCorr
                  | Str+2}
  9052 | D:6      | Bought a manual of Armour for 960 gold pieces
  9195 | D:10     | Reached XP level 11. HP: 101/103 MP: 10/10
  9195 | D:10     | Noticed Josephine
  9203 | D:10     | Reached skill level 2 in Armour
  9211 | D:10     | Reached skill level 3 in Armour
  9224 | D:10     | Killed Josephine
  9225 | D:10     | Reached skill level 4 in Armour
  9235 | D:10     | Reached skill level 5 in Armour
  9660 | D:10     | Found an ornate altar of the Wu Jian Council.
  9661 | D:10     | Found a shadowy altar of Dithmenos.
  9661 | D:10     | You fall into a shaft and drop 2 floors!
  9670 | D:11     | Noticed a minotaur
  9690 | D:10     | Reached skill level 6 in Armour
  9779 | D:10     | Found Sanuh's Magic Scroll Boutique.
  9787 | D:10     | Bought 3 scrolls of identify for 90 gold pieces
  9787 | D:10     | Bought a scroll of identify for 30 gold pieces
  9790 | D:10     | Bought a scroll of blinking for 112 gold pieces
  9790 | D:10     | Bought a scroll of fear for 60 gold pieces
  9906 | D:10     | Reached skill level 7 in Armour
 10294 | D:11     | Reached skill level 8 in Armour
 10543 | D:11     | Found a runed translucent gate.
 10544 | D:11     | Found a runed translucent gate.
 10549 | D:11     | Found a runed translucent gate.
 10551 | D:11     | Noticed jasper's ghost (novice DgCj)
 10800 | D:11     | Reached skill level 9 in Armour
 10894 | D:11     | Found a staircase to the Orcish Mines.
 10917 | D:11     | Noticed a two-headed ogre
 10926 | D:11     | Killed a two-headed ogre
 11265 | D:11     | Found a bloodstained altar of Trog.
 11290 | D:11     | Reached skill level 10 in Armour
 11557 | Lair:1   | Entered Level 1 of the Lair of Beasts
 11649 | Lair:1   | Reached skill level 11 in Armour
 11874 | Lair:1   | Noticed Urug
 11891 | Lair:1   | Reached XP level 12. HP: 69/119 MP: 11/11
 11897 | Lair:1   | Killed Urug
 11898 | Lair:1   | Reached skill level 12 in Armour
 11988 | Lair:1   | Slain by a skyshark

Illustrated notes

Levels and vault maps discovered:
D:1:      scummos_arrival_simple_fountains, layout_loops_ring
D:2:      layout_basic, shapermc_ecumenical_altar_venn, uniq_robin
D:3:      layout_basic, uniq_ijyb
D:4:      layout_basic, uniq_natasha, uniq_blork_the_orc, uniq_duvessa
D:5:      layout_cave_pods, lemuel_doored_altar, zin_angel,
          chequers_temple_overflow_statue_of_worship, temple_hall_moat
D:6:      layout_rooms, overflow_temple_1_default, serial_shops, shop,
          enter_ossuary_1, minmay_crystal_room, nicolae_zen_rock_garden,
          uniq_sigmund
D:7:      layout_loops_corners, gammafunk_ghost_abyssal_escape, uniq_jeremiah,
          uniq_crazy_yiuf_cottage
D:8:      layout_basic, cheibrodos_ashenzari_chains
D:9:      layout_gridville
D:10:     layout_roguey, mainiacjoe_overflow_divided_tiny, lair_entry_dummy,
          serial_shops, nicolae_diamond_shop, hellmonk_ghost_happy_afterlife,
          enter_bailey_5, uniq_josephine
D:11:     layout_roguey, orc_0_dummy, maelrawn_ghost_gauntlet_escape,
          trog_ov_bears_minmay
D:12:     layout_rooms, worms_lemuel
Temple:   nicolae_temple_ecumenical_triangle
Lair:1:   layout_layer_cave, st_stairs_13, uniq_urug

Skill      XL: |  1  2  3  4  5  6  7  8  9 10 11 12 |
---------------+-------------------------------------+-----
Fighting       | 1 2 3 4 5 6 7 |  7.7
Unarmed Combat | 4 5 6 7 8 9 |  9.8
Throwing       | 1 2 3 4 5 |  5.4
Evocations     | 1 2 3 4 |  4.5
Shapeshifting  | 4 5 6 |  6.6
Armour         | 11 12 | 12.1
Dodging        | |  1.5

Action                     |  1- 3 |  4- 6 |  7- 9 | 10-12 || total
---------------------------+-------+-------+-------+-------++-------
  Melee: Unarmed           |    47 |       |       |    56 ||   103
         Punch             |     1 |     3 |     8 |    18 ||    30
         Dagger            |    18 |   118 |   373 |   318 ||   827
  Throw: Throwing net      |       |       |     1 |       ||     1
         Boomerang         |       |       |       |     7 ||     7
         Large rock        |       |       |       |    13 ||    13
         Dart              |       |       |       |     3 ||     3
         Javelin           |       |       |       |     9 ||     9
  Evoke: Wand              |       |       |     1 |    25 ||    26
    Use: Scroll            |       |     9 |    13 |     8 ||    30
         Potion            |       |     2 |     1 |     7 ||    10
 Armour: Animal skin       |    52 |    83 |   215 |       ||   350
         Skin              |       |    17 |       |       ||    17
         Robe              |       |       |   133 |   180 ||   313
         Acid dragon scale |       |       |       |   315 ||   315
  Dodge: Dodged            |    26 |    48 |   192 |   219 ||   485

Table legend: (Time is in decaauts)
 A = Elapsed time spent in this place.
 B = Non-inter-level travel time spent in this place.
 C = Inter-level travel time spent in this place.
 D = Time resting spent in this place.
 E = Time spent auto-exploring this place.
 F = Levels seen in this place.
 G = Mean time per level.
                   A        B        C        D        E       F      G
               +--------+--------+--------+--------+--------+-----+--------+
         Total |  11990 |  10918 |   1072 |   1961 |   6579 |  16 |  749.4 |
       Dungeon |  10894 |   9823 |   1071 |   1790 |   6007 |  12 |  907.8 |
        Temple |      5 |      5 |      0 |      0 |      0 |   1 |    5.0 |
          Lair |    407 |    407 |      0 |      0 |    299 |   1 |  407.0 |
       Ossuary |    289 |    289 |      0 |      0 |    184 |   1 |  289.0 |
        Bailey |    392 |    392 |      0 |    171 |     89 |   1 |  392.0 |
               +--------+--------+--------+--------+--------+-----+--------+

Top non-repeatable levels by time:
     D:7: 1524 daAuts
    D:11: 1380 daAuts
     D:9: 1274 daAuts
    D:10: 1250 daAuts
     D:5: 1064 daAuts
     D:2: 908 daAuts
     D:8: 867 daAuts
     D:6: 769 daAuts
     D:3: 736 daAuts
     D:1: 568 daAuts
     D:4: 544 daAuts
  Lair:1: 407 daAuts
  Bailey: 392 daAuts
 Ossuary: 289 daAuts
  Temple: 5 daAuts
